 Dungeon Crawl Stone Soup version 0.30.1-3-gfc49f6343a (webtiles) character file.

Game seed: 133029309974308194

4319 KyoPewz the Basher (level 10, -2/102 HPs)
             Began as an Ogre Gladiator on July 31, 2023.
             Was a Follower of Nemelex Xobeh.
             Slain by Grum
             ... wielding a -1 spear
              (10 damage)
             ... on level 8 of the Dungeon.
             The game lasted 00:28:20 (11318 turns).

KyoPewz the Basher (Ogre Gladiator)                Turns: 11318, Time: 00:28:21

Health: -2/102     AC:  9    Str: 24    XL:     10   Next: 33%
Magic:  0/10       EV: 10    Int:  9    God:    Nemelex Xobeh [*.....]
Gold:   256        SH:  0    Dex: 10    Spells: 9/9 levels left

rFire   . . .        M - +1 flail (heavy)
rCold   + . .        (no shield)
rNeg    . . .        E - +2 robe {rC+}
rPois   .            c - +0 hat
rElec   .            (no cloak)
rCorr   .            (gloves unavailable)
SInv    .            (boots unavailable)
Will    +....        D - amulet of guardian spirit
Stlth   +            G - +4 ring of slaying
HPRegen 0.37/turn    o - +4 ring of protection
MPRegen 0.12/turn

%: guardian spirit
@: studying Ranged Weapons
A: large, unfitting armour, tough skin 1
a: Renounce Religion, Draw Escape, Draw Destruction, Draw Summoning


You were on level 8 of the Dungeon.
You worshipped Nemelex Xobeh.
Nemelex Xobeh was aware of your devotion.
You visited 2 branches of the dungeon, and saw 9 of its levels.

You collected 432 gold pieces.
You spent 176 gold pieces at shops.

Inventory:

Hand Weapons
 b - a +4 spear of distortion
 s - a +2 dagger of speed
 u - a +0 giant spiked club
 A - the +9 dagger "Arghophuxzu" {heavy, Int+2}
   (You found it on level 5 of the Dungeon)

   Int:       It affects your intelligence (+2).
 I - a +2 whip of pain
 M - a +1 heavy flail (weapon)
Missiles
 d - 3 throwing nets
 f - 59 stones (quivered)
 h - 9 boomerangs
 w - 30 poisoned darts
Armour
 a - +0 steam dragon scales
 c - a +0 hat (worn)
 y - a scarf of harm
 E - a +2 robe of cold resistance (worn)
 O - a scarf of repulsion
Jewellery
 g - a ring of willpower
 o - a +4 ring of protection (right hand)
 r - a ring of flight
 D - an amulet of guardian spirit (around neck)
 G - a +4 ring of slaying (left hand)
 N - a ring of positive energy
Wands
 C - a wand of mindburst (2)
 H - a wand of acid (10)
 K - a wand of flame (19)
Scrolls
 i - a scroll of immolation
 m - 2 scrolls of magic mapping
 p - a scroll of enchant weapon
 t - 5 scrolls of teleportation
 v - a scroll of vulnerability
 B - 2 scrolls of blinking
 J - a scroll of fog {unknown}
 P - a scroll of poison {unknown}
Potions
 e - 2 potions of attraction {unknown}
 j - 3 potions of brilliance
 k - 2 potions of mutation {unknown}
 l - a potion of heal wounds
 n - a potion of resistance
 q - 5 potions of curing
 x - 2 potions of ambrosia {unknown}
 z - 2 potions of might {unknown}
 L - 2 potions of lignification {unknown}


   Skills:
 - Level 7.0 Fighting
 + Level 12.3 Maces & Flails
 - Level 5.0 Throwing
 - Level 2.6 Dodging


You had 9 spell levels left.
You didn't know any spells.
Your spell library contained the following spells:

 Spells                   Type           Power      Damage    Failure   Level
 Foxfire                  Conj/Fire      0%         2x1d4     38%         1
 Sandblast                Erth           0%         2d4       38%         1
 Summon Small Mammal      Summ           0%         N/A       38%         1
 Passwall                 Tmut/Erth      0%         N/A       52%         2
 Sublimation of Blood     Necr           0%         N/A       52%         2
 Call Canine Familiar     Summ           0%         N/A       77%         3
 Dazzling Flash           Conj/Hex       0%         N/A       77%         3
 Stone Arrow              Conj/Erth      0%         3d7       77%         3
 Summon Guardian Golem    Hex/Summ       0%         N/A       77%         3
 Volatile Blastmotes      Fire/Tloc      0%         2d10      77%         3
 Iskenderun's Mystic Bla  Conj/Tloc      0%         2d3       99%         4
 Petrify                  Tmut/Erth      0%         N/A       99%         4
 Fireball                 Conj/Fire      0%         3d3       100%        5
 Irradiate                Conj/Tmut      0%         3d11      100%        5
 Plasma Beam              Fire/Air       0%         2x1d11    100%        6
 Starburst                Conj/Fire      0%         6d3       100%        6


Dungeon Overview and Level Annotations

Branches:
Dungeon (8/15)             Temple (1/1) D:6
   Lair: D:8-11

Altars:
Ashenzari
Dithmenos
Fedhas
Kikubaaqudgha
Makhleb
Nemelex Xobeh
Okawaru
Qazlal
Ru
Sif Muna
Trog
Vehumet
Wu Jian
Xom
Yredelemnul
Zin
The Shining One

Shops:
D:4 !

Annotations:
D:3 2 transporters, Sensen's ghost, amateur TrBe
D:8 Grum


Innate Abilities, Weirdness & Mutations

You are too large for most types of armour.
You have tough skin. (AC +1)


Message History

You take 6 damage, and have 51/102 hp.
You are too injured to fight recklessly!
You are too injured to fight recklessly!
You are too injured to fight recklessly!
You are too injured to fight recklessly!
You closely miss the wolf. The wolf completely misses you. The wolf bites you!
You take 8 damage, and have 43/102 hp.
You now have 4/10 mp.
The wolf attacks as you move away! The wolf bites you.
The wolf barely misses you. The wolf closely misses you. x2
You take 3 damage, and have 40/102 hp.
You now have 3/10 mp.
The wolf barely misses you.
You hit the wolf but do no damage. The wolf barely misses you.
The wolf misses you.
You bludgeon the wolf!!
You kill the wolf!
The wolf bites you but does no damage. The wolf bites you!
You take 5 damage, and have 36/102 hp.
You now have 2/10 mp.
You miss the wolf. The wolf bites you but does no damage.
The wolf barely misses you.
You barely miss the wolf. The wolf bites you but does no damage.
The wolf closely misses you.
You bludgeon the wolf!!
You kill the wolf!
The kobold throws a stone.
The stone hits you but does no damage.
Grum hits you from afar with a -1 spear.
You take 3 damage, and have 33/102 hp.
You now have 2/10 mp.
You hit the kobold.
You kill the kobold!
Grum hits you from afar with a -1 spear!
* * * LOW HITPOINT WARNING * * *
The wolf barely misses you.
You take 7 damage, and have 26/102 hp.
You now have 1/10 mp.
You pound the wolf like an anvil!!!
You kill the wolf!
Grum hits you from afar with a -1 spear!!
* * * LOW HITPOINT WARNING * * *
You take 18 damage, and have 8/102 hp.
Grum hits you with a -1 spear!
You die...
Your body disappears without a glow.

........#.#.#.# #.# #.#
...#.##.#.#.#.#######.#
#.#
.###.##.#.#.#.##<.....#
#.# . ##.#.#.#.##.####.#
#.# .
#.#..........##.#####.###
.
#.#.#...##.####.รท)......#
.
#.............###########
.######.#.#.####.##.#
.##.....#.#.# #@##.#
###.#####.#.# #g...# #.#
#.#.# #.#### ##.#
#.#.####.# #..# #.#.#....#
##'######.#...##.#
......##.........#
......#.......##.#######
..........#............#


You could see Grum.

Vanquished Creatures
  A two-headed ogre (D:8)
  Joseph (D:8)
  Maggie (D:8)
  Sigmund (D:3)
  A steam dragon (D:8)
  2 water moccasins (D:7)
  A sky beast (D:7)
  An orc warrior (D:6)
  An ice beast (D:6)
  An ogre (D:6)
  3 wolves (D:8)
  2 centaurs (D:7)
  A kobold brigand (D:7)
  3 bullfrogs
  4 scorpions
  2 gnoll sergeants
  2 jellies
  4 hounds
  5 orc priests
  2 gnoll boudas
  2 sleepcaps
  6 iguanas
  5 orc wizards
  32 gnolls
  6 adders
  A shadow imp (D:7)
  A white imp (D:7)
  An ufetubus (D:3)
  An adder zombie (D:3)
  4 worms
  4 dart slugs
  24 orcs
  10 ball pythons
  3 endoplasms
  4 giant cockroaches
  9 goblins
  9 hobgoblins
  3 jackals
  12 kobolds
  3 quokkas
  8 bats
  A frilled lizard (D:1)
  A giant cockroach zombie (D:3)
  7 rats
196 creatures vanquished.

Vanquished Creatures (others)
  2 orcs (D:8)
2 creatures vanquished.

Grand Total: 198 creatures vanquished

Notes
Turn   | Place    | Note
-------+----------+-------------------------------------------
     0 | D:1      | KyoPewz the Ogre Gladiator began the quest for the Orb.
     0 | D:1      | Reached XP level 1. HP: 22/22 MP: 1/1
   218 | D:1      | Reached skill level 3 in Maces & Flails
   218 | D:1      | Reached XP level 2. HP: 22/29 MP: 2/2
   834 | D:2      | Reached XP level 3. HP: 36/36 MP: 3/3
  1525 | D:3      | Noticed Sigmund
  1556 | D:3      | Reached XP level 4. HP: 44/44 MP: 4/4
  1769 | D:3      | Identified the +1 trident "Egupiz Saot" {venom, +Blink
                  | rElec rC+}
  1769 | D:3      | Noticed a gnoll sergeant
  1795 | D:3      | Found a transporter.
  1846 | D:3      | Found a transporter.
  1885 | D:3      | Found a basalt altar of Yredelemnul.
  2130 | D:3      | Reached skill level 4 in Maces & Flails
  2130 | D:3      | Reached XP level 5. HP: 40/50 MP: 5/5
  2668 | D:4      | Reached XP level 6. HP: 34/59 MP: 6/6
  3201 | D:4      | Reached skill level 5 in Maces & Flails
  3201 | D:4      | Reached skill level 5 in Throwing
  3391 | D:4      | Reached XP level 7. HP: 65/66 MP: 7/7
  3500 | D:4      | HP: 2/66 [iguana (8)]
  3509 | D:4      | HP: 2/66 [dart slug/slug dart (2)]
  3724 | D:4      | Found Ylon Ciris's Distillery.
  3740 | D:4      | Bought a potion of heal wounds for 55 gold pieces
  3740 | D:4      | Bought a potion of degeneration for 11 gold pieces
  3740 | D:4      | Bought a potion of resistance for 110 gold pieces
  4043 | D:5      | Entered Level 5 of the Dungeon
  4048 | D:5      | Identified the +9 dagger "Arghophuxzu" {heavy, Int+2}
  4087 | D:4      | Reached skill level 6 in Maces & Flails
  5451 | D:6      | Reached skill level 7 in Maces & Flails
  5463 | D:6      | Reached XP level 8. HP: 38/78 MP: 5/8
  5510 | D:5      | HP: 2/79 [orc/+0 flail (4)]
  5540 | D:4      | HP: 1/79 [something/magic dart (7)]
  5964 | D:3      | Noticed Sensen's ghost (amateur TrBe)
  6353 | D:3      | Found a transporter.
  6395 | D:3      | Found a basalt altar of Yredelemnul.
  6478 | D:3      | Found a transporter.
  6500 | D:3      | Killed Sigmund
  6501 | D:3      | Reached skill level 5 in Fighting
  8245 | D:6      | Reached skill level 8 in Maces & Flails
  8282 | D:6      | Found a staircase to the Ecumenical Temple.
  8294 | Temple   | Entered the Ecumenical Temple
  8331 | Temple   | Became a worshipper of Nemelex Xobeh the Trickster
  8520 | D:6      | Reached XP level 9. HP: 48/93 MP: 4/9
  9156 | D:7      | Reached skill level 9 in Maces & Flails
  9735 | D:7      | Reached skill level 10 in Maces & Flails
  9987 | D:7      | Found a shimmering blue altar of Sif Muna.
 10572 | D:8      | Reached * piety under Nemelex Xobeh
 10621 | D:8      | Noticed Maggie
 10637 | D:8      | Killed Maggie
 10934 | D:8      | Noticed Joseph
 10951 | D:8      | Killed Joseph
 10952 | D:8      | Reached skill level 11 in Maces & Flails
 10952 | D:8      | Reached XP level 10. HP: 26/102 MP: 2/10
 11266 | D:8      | Received a gift from Nemelex Xobeh
 11272 | D:8      | Noticed a two-headed ogre
 11275 | D:8      | Killed a two-headed ogre
 11276 | D:8      | Reached skill level 12 in Maces & Flails
 11295 | D:8      | Noticed Grum
 11318 | D:8      | Slain by Grum

Illustrated notes

Levels and vault maps discovered:
D:1:      roderic_octagonal_star, layout_loops_ring
D:2:      layout_loops_ring, kennysheep_big_empty_room
D:3:      minmay_bubble_buster, layout_basic, lemuel_zombie_altar_yredelemnul,
          gammafunk_ghost_gnarly_gnolls, minmay_liquid_box, uniq_sigmund
D:4:      layout_loops_ring, serial_shops, shop
D:5:      layout_rooms
D:6:      layout_cave_pods, minmay_temple_entry_mist
D:7:      layout_loops_ring, lemuel_tele_altar
D:8:      layout_basic, uniq_grum, uniq_joseph, uniq_maggie
Temple:   hellmonk_temple_of_storms

Skill      XL: |  1  2  3  4  5  6  7  8  9 10 |
---------------+-------------------------------+-----
Maces & Flails | 3 4 5 7 8 11 12 | 12.3
Throwing       | 3 4 5 |  5.0
Fighting       | 4 7 |  7.0
Dodging        | |  2.6

Action                     |  1- 3 |  4- 6 |  7- 9 | 10-12 || total
---------------------------+-------+-------+-------+-------++-------
  Melee: Flail             |    94 |       |   200 |    25 ||   319
         Dagger            |    27 |   380 |   286 |       ||   693
         Punch             |       |     6 |    12 |       ||    18
         Whip              |       |       |   105 |       ||   105
  Throw: Stone             |       |     8 |       |       ||     8
         Large rock        |       |     1 |     5 |     1 ||     7
         Dart              |       |     4 |     8 |       ||    12
         Boomerang         |       |     1 |     3 |       ||     4
         Throwing net      |       |       |     1 |       ||     1
  Evoke: Wand              |       |       |    12 |       ||    12
    Use: Scroll            |       |       |    10 |       ||    10
         Potion            |       |       |     2 |       ||     2
   Stab: Sleeping          |       |       |     1 |       ||     1
 Armour: Robe              |    43 |   109 |   190 |    19 ||   361
  Dodge: Dodged            |    73 |   135 |   282 |    26 ||   516
